 Dungeon Crawl Stone Soup version 0.18.1-50-g88ac8fd (webtiles) character file.

37 GammafunkIsABaby the Chiller (level 3, 0/21 HPs)
             Began as a High Elf Ice Elementalist on June 9, 2018.
             Slain by a centaur zombie (5 damage)
             ... on level 5 of the Dungeon.
             The game lasted 00:04:00 (418 turns).

GammafunkIsABaby the Chiller (HEIE)                  Turns: 418, Time: 00:04:01

Health: 0/21       AC:  3    Str:  8    XL:     3   Next: 23%
Magic:  6/8        EV: 12    Int: 19    God:
Gold:   46         SH:  0    Dex: 15    Spells: 1 memorised, 7 levels left

rFire  . . .     SeeInvis .     a - +0 dagger (venom)
rCold  . . .     Gourm    .     m - +0 robe
rNeg   . . .     Faith    .     (no shield)
rPois  .         Spirit   .     q - +0 helmet
rElec  .         Dismiss  .     (no cloak)
rCorr  .         Reflect  .     (no gloves)
SustAt .         Harm     .     (no boots)
MR     .....                    p - amulet of regeneration
Stlth  ++........               (no ring)
                                (no ring)

@: drained, not resistant to hostile enchantments, unstealthy
A: no striking features
a: no special abilities


You were on level 5 of the Dungeon.
You were not hungry.

You visited 1 branch of the dungeon, and saw 6 of its levels.

You collected 46 gold pieces.

Inventory:

Hand Weapons
 a - a +0 dagger of venom (weapon)
 d - a +0 dagger
Armour
 m - a +0 robe (worn)
 q - a +0 helmet (worn)
Jewellery
 g - an uncursed amulet of harm
 p - an amulet of regeneration (around neck)
Scrolls
 e - 2 scrolls of remove curse
 i - a scroll of magic mapping
 k - a scroll of random uselessness
 l - a scroll of teleportation {unknown}
 o - a scroll of amnesia {unknown}
Potions
 n - a potion of curing
Books
 b - a book of Frost

   Spells                             Type                      Level
   a - Freeze                         Ice                          1
   b - Throw Frost                    Conjuration/Ice              2
   c - Ozocubu's Armour               Charms/Ice                   3
   d - Throw Icicle                   Conjuration/Ice              4
   e - Summon Ice Beast               Ice/Summoning                4
Comestibles
 c - a bread ration
 f - 2 meat rations
 j - a slice of pizza


   Skills:
 - Level 2.1(1.1) Dodging
 - Level 2.1(1.1) Stealth
 + Level 3.3(2.2) Spellcasting
   Level 1.1(0.0) Conjurations
 + Level 3.8(2.6) Ice Magic


You had 7 spell levels left.
You knew the following spells:

 Your Spells              Type           Power        Failure   Level  Hunger
a - Freeze                Ice            ##..         8%          1    #......


Dungeon Overview and Level Annotations

Branches:
Dungeon (6/15)
 Temple: D:4-7

Altars:


Message History

The ogre shouts!
You hear a shout!
The crimson imp hits you but does no damage.
A centaur comes into view.
Casting: Freeze
Confirm with . or Enter, or press ? or * to list all spells.
Aiming: Freeze
Press: ? - help, Shift-Dir - straight line, f/p - crimson imp
Aim: a crimson imp You freeze the crimson imp.
The crimson imp is frozen!
The crimson imp is severely wounded.
The centaur wields a shortbow.
The centaur shoots an arrow.
The arrow closely misses you.
The crimson imp blinks!
Unknown command.
The centaur shoots an arrow.
The arrow hits you!
The centaur shoots an arrow.
The arrow hits you!
* * * LOW HITPOINT WARNING * * *
You climb upwards.
The centaur zombie hits you.
* * * LOW HITPOINT WARNING * * *
The centaur zombie hits you.
You die...

#..## .# ##..#
##.# #.## #..#
##.# #.##
#######..#
#.@..<...#
#.Z.......#
#.............
#########.####
.# .. ... ..


You could see a centaur zombie.

Vanquished Creatures
  2 adders
  A worm (D:3)
  A giant cockroach (D:1)
  3 goblins
  A hobgoblin (D:1)
  2 jackals (D:2)
  A ball python (D:1)
  A bat (D:2)
  A giant newt (D:3)
  2 kobolds (D:1)
  5 rats
20 creatures vanquished.

Notes
Turn   | Place    | Note
--------------------------------------------------------------
     0 | D:1      | GammafunkIsABaby the High Elf Ice Elementalist began the quest for the Orb.
     0 | D:1      | Reached XP level 1. HP: 11/11 MP: 4/4
   116 | D:1      | Reached XP level 2. HP: 17/17 MP: 6/6
   304 | D:3      | Reached XP level 3. HP: 19/21 MP: 5/8
   351 | D:5      | Entered Level 5 of the Dungeon
   414 | D:6      | Noticed a scorpion
   414 | D:6      | Noticed an ogre
   416 | D:6      | Noticed a centaur
   418 | D:5      | Slain by a centaur zombie

Skill      XL: |  1  2 |
---------------+-------+-----
Spellcasting   | 3 |  3.3
Dodging        | |  2.1
Stealth        | |  2.1
Conjurations   | |  1.1
Ice Magic      | |  3.8

Action                   || total
-------------------------++-------
Melee: Dagger            ||     7
 Cast: Freeze            ||    29
  Use: Scroll            ||     4
 Stab: Sleeping          ||     4
Armor: Robe              ||     5
Dodge: Dodged            ||    18
